 Dungeon Crawl Stone Soup version 0.14-a0-788-g14b720c (webtiles) character file.

617 Malachi the Infuser (level 6, -3/52 HPs)
             Began as a Naga Skald on Nov 10, 2013.
             Slain by a scorpion (9 damage)
             ... on Level 5 of the Dungeon.
             The game lasted 00:13:18 (4776 turns).

Malachi the Infuser (Naga Skald)                    Turns: 4776, Time: 00:13:18

HP  -3/52        AC  4     Str 14      XL: 6   Next: 63%
MP   6/11        EV 15     Int 15      God:
Gold 263         SH  0     Dex 15      Spells:  4 memorised,  1 level left

Res.Fire  : . . .   See Invis. : +   a - +0 spear
Res.Cold  : . . .   Warding    : .   q - +0 elf leather armour
Life Prot.: . . .   Conserve   : .   (no shield)
Res.Poison: +       Res.Corr.  : .   (no helmet)
Res.Elec. : .       Clarity    : .   (no cloak)
Sust.Abil.: . .     Spirit.Shd : .   (no gloves)
Res.Mut.  : .       Stasis     : .   (no barding)
Res.Rott. : .       Flight     : .   (no amulet)
Saprovore : . . .                    (no ring)
                                     (no ring)

@: short of breath, agile, shrouded, very slow, somewhat resistant to hostile
enchantments, stealthy
A: spit poison, see invisible, deformed body, poison resistance, slowness 2, AC
+2
a: Spit Poison


You were on level 5 of the Dungeon.
You were not hungry.

You visited 1 branch of the dungeon, and saw 5 of its levels.

You collected 263 gold pieces.

Inventory:

Hand weapons
 a - a +0,+0 spear (weapon)
 e - a -1,+1 orcish trident
 o - a +0,+0 halberd
Missiles
 r - 2 throwing nets
 t - 3 tomahawks (quivered)
Armour
 q - a +0 elven leather armour (worn)
Comestibles
 d - 3 bread rations
 f - an apple
 i - a meat ration
 p - a rambutan
 s - a royal jelly
Scrolls
 b - a scroll of remove curse
 g - 3 scrolls of teleportation
 h - 3 scrolls of identify
 j - 3 scrolls of fog
 m - a scroll of magic mapping
 n - a scroll of enchant weapon II
 u - a scroll of curse jewellery {unknown}
 w - a scroll of random uselessness {unknown}
 x - a scroll of curse weapon {unknown}
 z - a scroll of curse armour {unknown}
Jewellery
 y - a +4 ring of evasion {unknown}
Potions
 k - 2 potions of resistance
Books
 c - a book of Battle

   Spells                             Type                      Level
   *Infusion                          Charms                       1
   *Shroud of Golubria                Charms/Translocation         2
   *Song of Slaying                   Charms                       2
   Spectral Weapon                    Hexes/Charms                 3
   *Regeneration                      Charms/Necromancy            3


   Skills:
 + Level 2.4 Fighting
 * Level 3.2 Polearms
 - Level 0.1 Throwing
 - Level 6.2 Armour
 + Level 1.5 Dodging
 - Level 0.4 Stealth
 - Level 2.0 Spellcasting
 - Level 8.4 Charms
 * Level 0.4 Necromancy
 * Level 0.6 Translocations


You had one spell level left.
You knew the following spells:

 Your Spells              Type           Power        Failure   Level  Hunger
a - Song of Slaying       Chrm           ####....     1%          2    ###....
b - Shroud of Golubria    Chrm/Tloc      ###.......   6%          2    ###....
c - Regeneration          Chrm/Necr      ##........   14%         3    ####...
e - Infusion              Chrm           ####..       1%          1    #......


Dungeon Overview and Level Annotations

Branches:
Dungeon (5/27)             Temple (0/1) D:4

Altars:
Makhleb


Innate Abilities, Weirdness & Mutations

You cannot wear boots.
You can spit poison.
Your serpentine skin is tough (AC +2).
You have supernaturally acute eyesight.
Armour fits poorly on your strangely shaped body.
Your system is resistant to poisons.
You cover ground very slowly.


Message History

The scorpion closely misses you. The worker ant bites you.
* * * LOW HITPOINT WARNING * * *
Your shroud falls apart!
Casting: Shroud of Golubria
Confirm with . or Enter, or press ? or * to list all spells.
You don't know that spell.
Casting: Shroud of Golubria
Confirm with . or Enter, or press ? or * to list all spells.
Space distorts slightly along a thin shroud covering your body.
The scorpion barely misses you. The worker ant closely misses you.
Drink which item? (? for menu, Esc to quit)
You feel more agile all of a sudden.
It was a potion of agility.
The worker ant misses you. The scorpion barely misses you.
You are too injured to fight recklessly!
You are too injured to fight recklessly!
You hit the worker ant but do no damage.
The worker ant is severely wounded.
The worker ant misses you. The scorpion stings you!
You die...

..# #..# #
#..# .
#.#..####..
.###.#.......#
.............#
#..........#
#...s......#
#....@a....#
#.....#+####
........#
####.#### #. #


You could see a worker ant and a scorpion.

Vanquished Creatures
  An orc priest (D:4)
  An orc wizard (D:2)
  A worker ant zombie (D:4)
  11 adders
  4 gnolls (D:2)
  A worm (D:4)
  2 giant geckos (D:2)
  15 orcs
  2 ball pythons
  7 bats
  3 giant cockroaches
  6 goblins
  10 hobgoblins
  4 jackals (D:3)
  2 giant newts (D:2)
  9 kobolds
  11 rats
90 creatures vanquished.

Notes
Turn   | Place    | Note
--------------------------------------------------------------
     0 | D:1      | Malachi, the Naga Skald, began the quest for the Orb.
     0 | D:1      | Reached XP level 1. HP: 18/18 MP: 3/3
   158 | D:1      | Reached XP level 2. HP: 25/25 MP: 1/5
   537 | D:1      | Reached skill level 1 in Armour
   580 | D:1      | Reached XP level 3. HP: 12/31 MP: 2/6
  1106 | D:2      | Reached skill level 6 in Armour
  1106 | D:2      | Reached skill level 8 in Charms
  1106 | D:2      | Reached XP level 4. HP: 35/39 MP: 8/8
  1173 | D:2      | Reached skill level 1 in Dodging
  1173 | D:2      | Reached XP level 5. HP: 17/45 MP: 3/9
  1458 | D:2      | Learned a level 2 spell: Shroud of Golubria
  1462 | D:2      | Learned a level 3 spell: Regeneration
  1481 | D:2      | Learned a level 2 spell: Song of Slaying
  2898 | D:3      | Reached XP level 6. HP: 52/52 MP: 11/11
  4091 | D:4      | Found a burning altar of Makhleb.
  4091 | D:4      | Noticed an Executioner
  4176 | D:4      | Found a staircase to the Ecumenical Temple.
  4753 | D:5      | Entered Level 5 of the Dungeon
  4776 | D:5      | Slain by a scorpion

Action                   |  1- 3 |  4- 6 || total
-------------------------+-------+-------++-------
Melee: Spear             |    94 |   273 ||   367
       Halberd           |       |    68 ||    68
       Trident           |       |    28 ||    28
Throw: Tomahawk          |       |     3 ||     3
 Cast: Infusion          |    12 |     9 ||    21
       Shroud of Golubri |       |    26 ||    26
       Song of Slaying   |       |     2 ||     2
       Regeneration      |       |     2 ||     2
 Abil: Spit Poison       |     2 |    17 ||    19
  Use: Scroll            |     4 |     5 ||     9
       Potion            |     1 |     2 ||     3
